 Dungeon Crawl Stone Soup version 0.29-a0-72-g1732ff48e7 (webtiles) character file.

Game seed: 1184532633439474382

129 HallandMoats the Skirmisher (level 5, 0/46 HPs)
             Began as a Ghoul Monk on Feb 4, 2022.
             Slain by Pikel (1 damage)
             ... on level 4 of the Dungeon.
             The game lasted 00:04:21 (3813 turns).

HallandMoats the Skirmisher (Ghoul Monk)            Turns: 3813, Time: 00:04:22

Health: 0/46       AC: 10    Str: 17    XL:     5   Next: 12%
Magic:  0/5        EV:  5    Int:  5    God:
Gold:   155        SH:  0    Dex: 11    Spells: 4/4 levels left

rFire   . . .      SeeInvis .     - Unarmed
rCold   + . .      Faith    .   (no shield)
rNeg    + + +      Spirit   +   a - +0 plate armour
rPois   ∞          Reflect  .   (no helmet)
rElec   .          Harm     .   (no cloak)
rCorr   .          Rampage  .   (no gloves)
Will    .....                   (no boots)
Stlth   ..........              f - amulet of guardian spirit
HPRegen 0.00/turn               (no ring)
MPRegen 0.09/turn               (no ring)

@: inhibited regen
A: claws 1, cold resistance 1, negative energy resistance 3, inhibited
regeneration, torment resistance 2
a: no special abilities


You were on level 4 of the Dungeon.
You visited 1 branch of the dungeon, and saw 4 of its levels.

You collected 155 gold pieces.

Inventory:

Armour
 a - a +0 plate armour (worn)
Jewellery
 f - an amulet of guardian spirit (around neck)
Scrolls
 b - a scroll of silence
 d - 2 scrolls of fear
 g - a scroll of teleportation {unknown}
 h - a scroll of brand weapon
Potions
 c - a potion of curing


   Skills:
 * Level 4.1 Fighting
 + Level 1.2 Armour
 + Level 3.1 Dodging
 - Level 2.1 Stealth
 + Level 1.0 Shields
 * Level 4.0 Unarmed Combat
 * Level 2.1 Invocations


You had 4 spell levels left.
You didn't know any spells.
Your spell library contained the following spells:

 Spells                   Type           Power      Damage    Failure   Level
 Animate Skeleton         Necr           0%         N/A       100%        1
 Apportation              Tloc           0%         N/A       100%        1
 Summon Small Mammal      Summ           0%         N/A       100%        1


Dungeon Overview and Level Annotations

Branches:
Dungeon (4/15)
 Temple: D:4-7

Altars:

Shops:
D:1 [

Annotations:
D:4 Pikel


Innate Abilities, Weirdness & Mutations

You thrive by killing the living.
You are immune to poison.
You have sharp fingernails.
Your flesh is cold resistant. (rC+)
You are immune to negative energy. (rN+++)
You do not regenerate when monsters are visible.
You are immune to unholy pain and torment.


Message History

You scratch Pikel.
Pikel is heavily wounded.
Pikel hits you with a +0 whip of flaming.
Pikel burns you.
You closely miss Pikel.
Pikel is heavily wounded.
Pikel hits you but does no damage.
You scratch Pikel but do no damage.
Pikel is heavily wounded.
Pikel hits you but does no damage.
You miss Pikel.
Pikel is heavily wounded.
Pikel barely misses you.
You scratch Pikel.
Pikel is heavily wounded.
You scratch Pikel but do no damage.
Pikel is heavily wounded.
Pikel hits you with a +0 whip of flaming.
Pikel burns you.
You scratch Pikel but do no damage.
Pikel is heavily wounded.
Pikel hits you but does no damage.
You scratch Pikel.
Pikel is heavily wounded.
Pikel hits you with a +0 whip of flaming.
* * * LOW HITPOINT WARNING * * *
Pikel burns you.
* * * LOW HITPOINT WARNING * * *
You barely miss Pikel.
Pikel is heavily wounded.
Pikel hits you with a +0 whip of flaming.
* * * LOW HITPOINT WARNING * * *
Pikel burns you.
* * * LOW HITPOINT WARNING * * *
You scratch Pikel but do no damage.
Pikel is heavily wounded.
Pikel hits you with a +0 whip of flaming.
* * * LOW HITPOINT WARNING * * *
Pikel burns you.
You die...

#.#.5..# #.
#.#5...# #.
#.#5#### #. #.#
#. #)# #.
.#########.# #.
...........#
###########..###
#<........@...#
###########K..#
#....#...#
#.##.#...#
#.##.#...#
#.##.#...#
#.##.#...#
#...<....#
############..#


You could see Pikel.

Vanquished Creatures
  4 lemures (D:4)
  3 gnolls (D:3)
  3 adders
  2 worms (D:2)
  4 dart slugs
  An orc (D:3)
  9 ball pythons
  2 endoplasms
  4 giant cockroaches
  7 goblins
  7 hobgoblins
  A quokka (D:3)
  7 bats
  3 frilled lizards
  6 kobolds
  A rat (D:1)
64 creatures vanquished.

Notes
Turn   | Place    | Note
-------+----------+-------------------------------------------
     0 | D:1      | HallandMoats the Ghoul Monk began the quest for the Orb.
     0 | D:1      | Reached XP level 1. HP: 19/19 MP: 0/0
   272 | D:1      | Reached XP level 2. HP: 26/26 MP: 1/1
   541 | D:1      | Found Raomeops's Antique Armour Emporium.
  1090 | D:1      | Reached skill level 1 in Invocations
  1317 | D:2      | Reached XP level 3. HP: 31/31 MP: 2/2
  2041 | D:2      | Reached XP level 4. HP: 39/40 MP: 4/4
  2099 | D:2      | Found a faded altar of an unknown god.
  2658 | D:3      | Reached skill level 1 in Armour
  3035 | D:3      | Reached XP level 5. HP: 44/46 MP: 5/5
  3053 | D:3      | Reached skill level 1 in Shields
  3323 | D:4      | Noticed a lemure
  3323 | D:4      | Noticed a lemure
  3324 | D:4      | Noticed Pikel
  3380 | D:4      | Killed a lemure
  3472 | D:4      | Noticed a lemure
  3473 | D:4      | Noticed a lemure
  3510 | D:4      | Killed a lemure
  3518 | D:4      | Killed a lemure
  3533 | D:4      | Killed a lemure
  3813 | D:4      | HP: 1/46 [Pikel (4)]
  3813 | D:4      | Slain by Pikel

Illustrated notes

Levels and vault maps discovered:
D:1:      arrival_zaba_pyramid, layout_loops_ring, serial_shops, shop
D:2:      layout_basic, hellmonk_ecumenical_altar_prayer_group,
          wad_floor_pattern_2
D:3:      layout_basic, hangedman_decor_growths, grunt_ministairs_7,
          chequers_serial_rivers_micro_d
D:4:      layout_basic, portal_sewer_entry_f, gammafunk_ghost_mausoleum,
          eino_small_chamber_without_monster, uniq_duvessa, uniq_pikel

Skill      XL: |  1  2  3  4  5 |
---------------+----------------+-----
Invocations    | 1 2 |  2.1
Dodging        | 3 |  3.1
Armour         | 1 |  1.2
Fighting       | 4 |  4.1
Unarmed Combat | 4 |  4.0
Shields        | 1 |  1.0
Stealth        | |  2.1

Action                   |  1- 3 |  4- 6 || total
-------------------------+-------+-------++-------
Melee: Unarmed           |   121 |   173 ||   294
       Punch             |     4 |     2 ||     6
  Use: Scroll            |       |     4 ||     4
 Stab: Sleeping          |     1 |       ||     1
Armor: Robe              |    11 |       ||    11
       Ring mail         |    10 |       ||    10
       Plate armour      |    23 |    91 ||   114
Dodge: Dodged            |    60 |    30 ||    90

Table legend: (Time is in decaauts)
 A = Elapsed time spent in this place.
 B = Non-inter-level travel time spent in this place.
 C = Inter-level travel time spent in this place.
 D = Time resting spent in this place.
 E = Time spent auto-exploring this place.
 F = Levels seen in this place.
 G = Mean time per level.
                   A        B        C        D        E       F      G
               +--------+--------+--------+--------+--------+-----+--------+
         Total |   3790 |   3714 |     76 |    615 |   2356 |   4 |  947.5 |
       Dungeon |   3790 |   3714 |     76 |    615 |   2356 |   4 |  947.5 |
               +--------+--------+--------+--------+--------+-----+--------+

Top non-repeatable levels by time:
     D:1: 1472 daAuts
     D:2: 844 daAuts
     D:3: 838 daAuts
     D:4: 636 daAuts
